 Dungeon Crawl Stone Soup version 0.30-a0-578-gdee14c521f (webtiles) character file.

Game seed: 15187031878087827344

89 OTABOTABOTAB the Insei (level 4, 33/33 HPs)
             Began as a Demonspawn Transmuter on Jan 1, 2023.
             Quit the game on level 2 of the Dungeon.
             The game lasted 00:02:57 (1564 turns).

OTABOTABOTAB the Insei (Demonspawn Transmuter)      Turns: 1564, Time: 00:02:58

Health: 33/33      AC:  3    Str: 11    XL:     4   Next: 31%
Magic:  7/7        EV: 12    Int: 16    God:
Gold:   106        SH:  0    Dex: 13    Spells: 6/7 levels left

rFire   . . .      SeeInvis .      - Unarmed
rCold   . . .      Faith    .    (no shield)
rNeg    . . .      Spirit   .    a - +0 robe
rPois   .          Reflect  .    (no helmet)
rElec   .          Harm     .    (no cloak)
rCorr   .          Rampage  .    (no gloves)
Will    .....                    o - +0 pair of boots
Stlth   +                        (no amulet)
HPRegen 0.25/turn                (no ring)
MPRegen 0.10/turn                (no ring)

@: no status effects
A: ignite blood 1, demonic magic 2
a: no special abilities


You were on level 2 of the Dungeon.
You visited 1 branch of the dungeon, and saw 2 of its levels.

You collected 106 gold pieces.

Inventory:

Hand Weapons
 b - a +0 hand axe
   (You found it on level 1 of the Dungeon)
Armour
 a - a +0 robe (worn)
 o - a +0 pair of boots (worn)
   (You found it on level 2 of the Dungeon)
Scrolls
 d - a scroll of noise {unknown}
 e - a scroll of teleportation {unknown}
 f - 3 scrolls of identify {unknown}
 h - a scroll of enchant armour {unknown}
 j - a scroll of magic mapping {unknown}
 k - 2 scrolls of fear {unknown}
 n - a scroll of fog {unknown}
Potions
 c - a potion of degeneration {unknown}
 g - a potion of flight {unknown}
 i - a potion of brilliance {unknown}
 l - 2 potions of curing {unknown}
 m - a potion of attraction {unknown}
 P - a potion of lignification {!q}


   Skills:
 + Level 2.1 Fighting
 + Level 2.5 Dodging
 * Level 3.8 Unarmed Combat
 - Level 2.0 Spellcasting
 - Level 1.7 Transmutations


You had 6 spell levels left.
You knew the following spells:

 Your Spells              Type           Power      Damage    Failure   Level
a - Beastly Appendage     Tmut           14%        N/A       10%         1

Your spell library contained the following spells:

 Spells                   Type           Power      Damage    Failure   Level
 Wereblood                Tmut           7%         N/A       16%         2
 Shock                    Conj/Air       4%         1d3       21%         1
 Summon Small Mammal      Summ           4%         N/A       21%         1
 Spider Form              Tmut/Pois      4%         N/A       41%         3
 Call Canine Familiar     Summ           1%         N/A       52%         3
 Ozocubu's Armour         Ice            1%         N/A       52%         3
 Summon Guardian Golem    Hex/Summ       1%         N/A       52%         3
 Swiftness                Air            1%         N/A       52%         3
 Ice Form                 Ice/Tmut       4%         N/A       82%         4
 Airstrike                Air            0%         2d(1-17)  90%         4
 Ozocubu's Refrigeration  Ice            0%         4d7       100%        7


Dungeon Overview and Level Annotations

Branches:
Dungeon (2/15)

Altars:

Shops:
D:2 (


Innate Abilities, Weirdness & Mutations

Your demonic aura sometimes causes spilled blood to erupt in flames.
Spells you cast may paralyse nearby enemies.


Message History

No target in view!
Your transformation is almost over.
n - a scroll labelled XUN DIJOYZOUQ MP restored: 6 A hobgoblin comes into view.
Your horns disappear.
Your talons disappear.
The hobgoblin shouts!
A hobgoblin is nearby!
A hobgoblin is nearby!
A hobgoblin is nearby!
You grow a pair of large bovine horns.
Your feet morph into talons.
Malevolent energies surge around you.
You now have 5/6 mp.
You barely miss the hobgoblin. Your kick misses the hobgoblin.
The hobgoblin hits you.
You take 3 damage, and have 24/27 hp.
Unknown command.
You hit the hobgoblin.
The hobgoblin is engulfed in blazing flames.
You kill the hobgoblin!
No target in view!
No target in view!
No target in view!
Your transformation is almost over.
Your horns disappear.
Your talons disappear.
You now have 66 gold pieces (gained 5).
You now have 71 gold pieces (gained 5).
Jessica the Apprentice Sorceress comes into view.
She is wielding a +0 club.
Health restored: 27; MP restored: 6 No reachable target in view!
Jessica is nearby!
No reachable target in view!
No reachable target in view!
You grow a pair of large bovine horns.
Your feet morph into talons.
Malevolent energies surge around you.
Jessica mumbles some strange words.
Jessica blinks!
You now have 5/6 mp.
An endoplasm and a dart slug come into view.
Jessica points at you and mumbles some strange words.
You resist with some effort.
A bat comes into view.
Found a stone staircase leading down.
The endoplasm quivers.
You punch Jessica! Your kick misses Jessica. Jessica barely misses you.
You barely miss Jessica. You claw Jessica.
You kill Jessica!
Your Fighting skill increases to level 2!
You have reached level 4!
You feel stronger.
Your demonic ancestry asserts itself...
Your magic grows more menacing.
Health restored: 33 You barely miss the endoplasm.
The bat closely misses you. The endoplasm completely misses you.
You hit the endoplasm. You claw the endoplasm.
You kill the endoplasm!
Your transformation is almost over.
The bat barely misses you. The bat hits you but does no damage.
The bat misses you. The bat barely misses you.
You barely miss the bat. The bat misses you.
The dart slug launches a dart at you. The slug dart hits you.
You take 2 damage, and have 31/33 hp.
You hit the bat.
You kill the bat!
The dart slug launches a dart at you.
The slug dart hits you but does no damage.
You hit the dart slug.
You claw the dart slug, but do no damage.
Unknown command.
You hit the dart slug.
You kill the dart slug!
No target in view!
No target in view!
No target in view!
No target in view!
Your horns disappear.
Your talons disappear.
You now have 88 gold pieces (gained 17).
Found a stone staircase leading up.
Health restored: 33; MP restored: 7
o - a +0 pair of boots You start putting on your armour.
You continue putting on your +0 pair of boots. x4
You finish putting on your +0 pair of boots.
You now have 100 gold pieces (gained 12).
There is a stone staircase leading down here.
You now have 106 gold pieces (gained 6).
There is a stone staircase leading up here.
You see here a +0 robe.
f - 3 scrolls labelled VIECAX ASOUNKU (gained 1) Done exploring.
Done exploring.
Done exploring.
Done exploring.
Done exploring.
Done exploring.
Done exploring.
Done exploring.
Done exploring.

#.# ###.# #.#
#...# #.# #...#
#.# #...# #.#
##.## #.# #.# #.#
#.##
#.#############.##
#@............#.##
#############..#.#
##.###. #.## ##
##.###. #..#..
###.## ###


There were no monsters in sight!

Vanquished Creatures
  Jessica (D:2)
  3 adders (D:2)
  A dart slug (D:2)
  3 ball pythons
  2 bats (D:2)
  3 endoplasms
  2 giant cockroaches (D:1)
  5 hobgoblins
  2 kobolds (D:1)
  3 quokkas
  3 frilled lizards (D:1)
  A goblin (D:1)
  3 rats
32 creatures vanquished.

Notes
Turn   | Place    | Note
-------+----------+-------------------------------------------
     0 | D:1      | OTABOTABOTAB the Demonspawn Transmuter began the quest for
                  | the Orb.
     0 | D:1      | Reached XP level 1. HP: 15/15 MP: 3/3
   119 | D:1      | Reached skill level 2 in Dodging
   119 | D:1      | Reached skill level 3 in Unarmed Combat
   120 | D:1      | Gained mutation: Spells you cast may paralyse adjacent
                  | enemies. [demonic ancestry]
   120 | D:1      | Reached XP level 2. HP: 12/21 MP: 3/5
   835 | D:2      | Found Era Qucw's Antique Weapon Shop.
   842 | D:2      | Found a faded altar of an unknown god.
   876 | D:2      | Gained mutation: Your demonic aura sometimes causes spilled
                  | blood to erupt in flames. [demonic ancestry]
   876 | D:2      | Reached XP level 3. HP: 20/26 MP: 4/6
   935 | D:2      | Identified the +7 scale mail of Puodias {rElec rN+ Will-
                  | Int+2}
  1428 | D:2      | Noticed Jessica
  1433 | D:2      | Killed Jessica
  1434 | D:2      | Reached skill level 2 in Fighting
  1434 | D:2      | Gained mutation: Spells you cast may paralyse nearby
                  | enemies. [demonic ancestry]
  1434 | D:2      | Reached XP level 4. HP: 33/33 MP: 5/7
  1564 | D:2      | Quit the game

Illustrated notes

Levels and vault maps discovered:
D:1:      wander_arrival_lonely_grave, layout_loops_ring
D:2:      layout_loops_ring, chequers_ecumenical_altar_simple_redux,
          serial_shops, shop_fountains, uniq_jessica

Skill      XL: |  1  2  3 |
---------------+----------+-----
Dodging        | 2 |  2.5
Unarmed Combat | 3 |  3.8
Fighting       | 2 |  2.1
Spellcasting   | |  2.0
Transmutations | |  1.7

Action                   |  1- 3 |  4- 6 || total
-------------------------+-------+-------++-------
Melee: Unarmed           |    77 |     6 ||    83
       Kick              |    14 |     2 ||    16
       Headbutt          |     7 |       ||     7
Throw: Stone             |    13 |       ||    13
 Cast: Beastly Appendage |    18 |       ||    18
 Abil: End Transformatio |    11 |       ||    11
 Stab: Paralysed         |     8 |       ||     8
Armor: Robe              |    11 |     2 ||    13
Dodge: Dodged            |    42 |     6 ||    48

Table legend: (Time is in decaauts)
 A = Elapsed time spent in this place.
 B = Non-inter-level travel time spent in this place.
 C = Inter-level travel time spent in this place.
 D = Time resting spent in this place.
 E = Time spent auto-exploring this place.
 F = Levels seen in this place.
 G = Mean time per level.
                   A        B        C        D        E       F      G
               +--------+--------+--------+--------+--------+-----+--------+
         Total |   1560 |   1548 |     12 |      0 |   1324 |   2 |  780.0 |
       Dungeon |   1560 |   1548 |     12 |      0 |   1324 |   2 |  780.0 |
               +--------+--------+--------+--------+--------+-----+--------+

Top non-repeatable levels by time:
     D:1: 800 daAuts
     D:2: 759 daAuts

Table legend:
 A = Kills in this place as a percentage of kills in entire the game.
 B = Kills by you in this place as a percentage of kills by you in the entire game.
 C = Kills by friends in this place as a percentage of kills by friends in the entire game.
 D = Other kills in this place as a percentage of other kills in the entire game.
 E = Experience gained in this place as a percentage of experience gained in the entire game.
 F = Experience gained in this place divided by the number of levels of this place that you have seen.
                   A       B       C       D       E      F
               +-------+-------+-------+-------+-------+----------------------
         Total | 100.0 | 100.0 |   N/A |   N/A | 100.0 |  64.0
       Dungeon | 100.0 | 100.0 |   N/A |   N/A | 100.0 |  64.0
               +-------+-------+-------+-------+-------+----------------------
